 Dungeon Crawl Stone Soup version bcrawl-1.23 (webtiles) character file.

Game seed: 564222170852969255

3059 Morbidden the Grappler (level 9, -5/74 HPs)
             Began as a White Draconian Archaeologist on May 28, 2020.
             Was a Follower of Wu Jian.
             Slain by a brown ugly thing (9 damage)
             ... on level 8 of the Dungeon.
             The game lasted 00:19:03 (10522 turns).

Morbidden the Grappler (DrAc)                      Turns: 10522, Time: 00:19:04

Health: -5/74      AC: 15    Str: 15    XL:     9   Next: 57%
Magic:  11/11      EV: 14    Int: 15    God:    Wu Jian [*.....]
Gold:   646        SH:  0    Dex: 11    Spells: 11/11 levels left

rFire    . . .     SeeInvis .     - Unarmed
rCold    + . .     Gourm    .   (no shield)
rNeg     + . .     Faith    .   (armour unavailable)
rPois    +         Spirit   .   b - +1 hat
rElec    .         Reflect  .   y - +2 cloak {MR+}
rCorr    .         Harm     .   k - +0 pair of gloves
MR       +....                  f - +2 pair of boots {run}
Stlth    +++.......             (no amulet)
HPRegen  0.22/turn              u - ring of positive energy
MPRegen  0.12/turn              w - ring of poison resistance

@: quick
A: breathe frost, unfitting armour, cold resistance 1, cold-blooded, AC +7
a: Breathe Frost, Wall Jump, Renounce Religion


You were on level 8 of the Dungeon.
You worshipped Wu Jian.
Wu Jian was aware of your devotion.
You were hungry.

You visited 2 branches of the dungeon, and saw 9 of its levels.

You collected 688 gold pieces.
You spent 42 gold pieces at shops.

Inventory:

Missiles
 x - 159 javelins (quivered)
Armour
 b - a +1 hat (worn)
 f - a +2 pair of boots of running (worn)
 k - a +0 pair of gloves (worn)
 y - a +2 cloak of magic resistance (worn)
Jewellery
 u - a ring of positive energy (left hand)
 w - a ring of poison resistance (right hand)
Wands
 z - a wand of polymorph (6)
Scrolls
 d - a scroll of magic mapping
 h - 5 scrolls of teleportation
 i - 5 scrolls of amnesia
 j - 3 scrolls of enchant weapon {unknown}
 l - 3 scrolls of fear {unknown}
 m - 6 scrolls of identify
 o - 2 scrolls of remove curse
 r - 3 scrolls of blinking {unknown}
 A - a scroll of torment {unknown}
Potions
 a - 3 potions of flight
 g - a potion of brilliance {unknown}
 n - 2 potions of haste {unknown}
 p - 4 potions of curing {unknown}
 q - 2 potions of lignification {unknown}
 s - 2 potions of agility {unknown}
 t - a potion of cancellation {unknown}
 v - a potion of berserk rage {unknown}
Comestibles
 c - 2 chunks of flesh
 e - 11 rations {!d}


   Skills:
 * Level 5.2 Fighting
   Level 1.0 Maces & Flails
 + Level 0.4 Throwing
 + Level 5.1 Dodging
 + Level 4.6 Stealth
 * Level 10.6 Unarmed Combat
 * Level 1.8 Spellcasting


You had 11 spell levels left.
You didn't know any spells.
Your spell library was empty.

Dungeon Overview and Level Annotations

Branches:
Dungeon (8/12)             Temple (1/1) D:6
   Lair: D:7-9          Orc: D:8-11

Altars:
Ashenzari
Dithmenos
Elyvilon
Fedhas
Gozag
Hepliaklqana
Kikubaaqudgha
Makhleb
Nemelex Xobeh
Okawaru
Qazlal
Sif Muna
Trog
Uskayaw
Vehumet
Wu Jian
Xom
Yredelemnul
Zin
The Shining One

Shops:
D:4 [?   D:5 [

Annotations:
D:2 Sigmund


Innate Abilities, Weirdness & Mutations

You can breathe waves of freezing cold.
You can buffet flying creatures when you breathe cold.
Your icy white scales are hard. (AC +7)
You cannot fit into any form of body armour.
Your flesh is cold resistant. (rC+)
You are cold-blooded and may be slowed by cold attacks.


Message History

A howler monkey comes into view.
The troll barely misses you. The troll claws you. x2
You punch the troll!
The troll is moderately wounded.
The troll bites you but does no damage. The troll claws you!
The troll claws you but does no damage. The brown ugly thing punches you!
You are splashed with acid!
* * * LOW HITPOINT WARNING * * *
You hit the troll.
The troll is moderately wounded.
The orc wizard mumbles some strange words.
The orc wizard blinks!
A howler monkey comes into view.
No path to travel!
The orc priest calls down the wrath of Beogh upon you.
Beogh smites you!
* * * LOW HITPOINT WARNING * * *
The howler monkey hoots and howls with incredible vigour!
The brown ugly thing punches you!
You die...

#.........# .......
#.........##........ .
#.....5...##........
..##....o....##........
........#######.....h..
........#### #...h....
.........ยง.####......#
......!..o.o...hT....#
..##..........u@..#...
. #...................
#?.....#######......
#....... .....$
#........ .....
#......... #....
#......... .... ...


You could see a brown ugly thing, a troll, 3 howler monkeys and 2 orc priests.

Vanquished Creatures
  A two-headed ogre (D:5)
  Eustachio (D:6)
  Menkaure (D:7)
  A crocodile (D:7)
  A water moccasin (D:7)
  2 ice beasts
  An orc warrior (D:5)
  A sky beast (D:6)
  2 phantoms
  3 centaurs
  A scorpion (D:4)
  A howler monkey (D:5)
  3 crimson imps
  4 bullfrog zombies
  5 orc priests
  Crazy Yiuf (D:6)
  5 hounds
  5 orc wizards
  Natasha (twice) (D:3)
  4 worker ants
  A hound zombie (D:7)
  A hound skeleton (D:5)
  A worker ant zombie (D:6)
  Robin (D:2)
  3 gnolls
  6 adders
  A shadow imp (D:5)
  2 oozes
  4 worms
  A dart slug (D:2)
  4 leopard geckos
  12 orcs
  A ball python (D:1)
  3 giant cockroaches
  15 hobgoblins
  4 jackals
  5 kobolds
  2 quokkas
  11 bats
  2 frilled lizards
  11 goblins
  A jackal zombie (D:7)
  A quokka skeleton (D:3)
  5 rats
143 creatures vanquished.

Notes
Turn   | Place    | Note
-------+----------+-------------------------------------------
     0 | D:1      | Morbidden the Draconian Archaeologist began the quest for
                  | the Orb.
     0 | D:1      | Reached XP level 1. HP: 16/16 MP: 1/1
   470 | D:1      | Reached XP level 2. HP: 16/23 MP: 2/2
  1078 | D:1      | Reached skill level 1 in Unarmed Combat
  1900 | D:2      | Reached XP level 3. HP: 28/28 MP: 3/3
  1946 | D:2      | Noticed Robin
  3103 | D:1      | Reached skill level 2 in Unarmed Combat
  3224 | D:2      | Killed Robin
  3439 | D:2      | Reached XP level 4. HP: 36/36 MP: 4/4
  3566 | D:2      | Noticed Sigmund
  4439 | D:3      | Noticed Natasha
  4660 | D:3      | Killed Natasha
  4660 | D:3      | Reached skill level 3 in Unarmed Combat
  4770 | D:3      | Reached XP level 5. HP: 23/41 MP: 5/5
  4770 | D:3      | Identified a scroll of acquirement
  4779 | D:2      | Identified a +0 pair of boots of running (You acquired it
                  | on level 2 of the Dungeon)
  5526 | D:2      | Reached skill level 4 in Unarmed Combat
  5538 | D:3      | Noticed Natasha
  5573 | D:3      | Killed Natasha
  5783 | D:4      | Reached XP level 6. HP: 23/50 MP: 6/6
  6181 | D:4      | Found Salowk's Magic Scroll Shop.
  6184 | D:4      | Bought a scroll of remove curse for 42 gold pieces
  6377 | D:4      | Found Yhamu's Armour Emporium.
  6434 | D:4      | Reached skill level 5 in Unarmed Combat
  6759 | D:4      | Your scales start taking on an icy white colour.
  6759 | D:4      | Reached XP level 7. HP: 53/57 MP: 7/7
  6759 | D:4      | Gained mutation: Your flesh is cold resistant. (rC+) [White
                  | Draconian growth]
  7165 | D:5      | Entered Level 5 of the Dungeon
  7175 | D:5      | Reached skill level 6 in Unarmed Combat
  7343 | D:5      | Noticed a two-headed ogre
  7430 | D:5      | Killed a two-headed ogre
  7430 | D:5      | Reached skill level 8 in Unarmed Combat
  7430 | D:5      | Reached XP level 8. HP: 53/66 MP: 8/8
  7644 | D:5      | Got a faintly glowing buckler
  7647 | D:5      | Identified the +1 buckler of the Unstoppable Lies {rC+ MP-9
                  | Int+4} (You found it on level 5 of the Dungeon)
  7816 | D:5      | Found Geidaymo's Armour Boutique.
  8093 | D:6      | Reached skill level 9 in Unarmed Combat
  8446 | D:6      | Found a staircase to the Ecumenical Temple.
  8485 | Temple   | Entered the Ecumenical Temple
  8594 | Temple   | Became a worshipper of the Wu Jian Council
  8708 | D:6      | Reached XP level 9. HP: 31/72 MP: 9/9
  9068 | D:6      | Found a shadowy altar of Dithmenos.
  9071 | D:6      | Noticed Eustachio
  9081 | D:6      | Killed Eustachio
  9081 | D:6      | Reached skill level 1 in Spellcasting
  9244 | D:6      | Found a runed door.
  9294 | D:6      | Noticed Crazy Yiuf
  9333 | D:6      | Killed Crazy Yiuf
  9487 | D:7      | Reached skill level 10 in Unarmed Combat
  9885 | D:7      | Reached skill level 5 in Dodging
  9928 | D:7      | Noticed Menkaure
  9936 | D:7      | Killed Menkaure
  9936 | D:7      | Reached skill level 5 in Fighting
 10371 | D:7      | Reached * piety under Wu Jian
 10457 | D:8      | Noticed a brown ugly thing
 10517 | D:8      | Noticed a troll
 10522 | D:8      | Slain by a brown ugly thing

Skill      XL: |  1  2  3  4  5  6  7  8  9 |
---------------+----------------------------+-----
Unarmed Combat | 1 2 3 4 5 8 9 10 | 10.6
Dodging        | 3 4 5 |  5.1
Fighting       | 2 3 4 5 |  5.2
Stealth        | 4 |  4.6
Spellcasting   | 1 |  1.8
Maces & Flails | |  1.0
Throwing       | |  0.4

Action                   |  1- 3 |  4- 6 |  7- 9 || total
-------------------------+-------+-------+-------++-------
Melee: Unarmed           |   374 |   336 |   305 ||  1015
       Tailslap          |    22 |    32 |    42 ||    96
       Punch             |     2 |     9 |     6 ||    17
Throw: Throwing net      |       |       |     2 ||     2
Invok: Whirlwind         |       |       |     7 ||     7
       Lunge             |       |       |    15 ||    15
 Abil: Breathe Frost     |       |       |    20 ||    20
       Wall Jump         |       |       |     5 ||     5
  Use: Scroll            |       |     7 |       ||     7
 Stab: Sleeping          |     4 |     5 |     6 ||    15
  Eat: Chunk             |     8 |     8 |    11 ||    27
       Ration            |       |     1 |     1 ||     2
Armor: Skin              |   156 |   131 |   110 ||   397
Dodge: Dodged            |   324 |   243 |   131 ||   698
